 Dungeon Crawl Stone Soup version 0.29.1-15-g9cfb28693d (webtiles) character file.

Game seed: 16044901888800473361

96 H0rd4k the Charlatan (level 4, -1/32 HPs)
             Began as a Human Artificer on Apr 26, 2023.
             Slain by an orc
             ... wielding a +0 morningstar
              (8 damage)
             ... on level 3 of the Dungeon.
             The game lasted 00:01:57 (2875 turns).

H0rd4k the Charlatan (Human Artificer)              Turns: 2875, Time: 00:01:57

Health: -1/32      AC:  5    Str: 13    XL:     4   Next: 98%
Magic:  4/4        EV: 12    Int: 13    God:
Gold:   101        SH:  0    Dex: 13    Spells: 3/3 levels left

rFire   . . .      SeeInvis .   a - +0 club
rCold   . . .      Faith    .   (no shield)
rNeg    . . .      Spirit   .   b - +0 leather armour
rPois   .          Reflect  .   (no helmet)
rElec   .          Harm     .   h - +0 cloak
rCorr   .          Rampage  .   (no gloves)
Will    .....                   k - +0 pair of boots
Stlth   +.........              (no amulet)
HPRegen 0.10/turn               (no ring)
MPRegen 0.09/turn               (no ring)

@: no status effects
A: no striking features
a: no special abilities


You were on level 3 of the Dungeon.
You visited 1 branch of the dungeon, and saw 3 of its levels.

You collected 101 gold pieces.

Inventory:

Hand Weapons
 a - a +0 club (weapon)
Armour
 b - a +0 leather armour (worn)
 h - a +0 cloak (worn)
 k - a +0 pair of boots (worn)
Jewellery
 p - a ring of protection from cold
Wands
 c - a wand of flame (5) (quivered)
 d - a wand of charming (15)
 e - a wand of iceblast (5)
 q - a wand of paralysis (9)
 r - a wand of mindburst (14)
Scrolls
 g - a scroll of enchant armour {unknown}
 j - a scroll of identify {unknown}
 l - a scroll of amnesia {unknown}
 m - 2 scrolls of poison {unknown}
 o - a scroll of vulnerability {unknown}
Potions
 f - 3 potions of cancellation {unknown}
 i - a potion of attraction {unknown}
 n - 3 potions of curing {unknown}


   Skills:
 + Level 1.6 Fighting
 - Level 1.5 Maces & Flails
 - Level 2.0 Armour
 + Level 2.4 Dodging
 + Level 1.3 Stealth
 + Level 3.9 Evocations


You had 3 spell levels left.
You didn't know any spells.
Your spell library contained the following spells:

 Spells                   Type           Power      Damage    Failure   Level
 Freeze                   Ice            0%         1d3       36%         1
 Frozen Ramparts          Ice            0%         1d1       75%         3
 Hailstorm                Conj/Ice       0%         3d3       98%         4


Dungeon Overview and Level Annotations

Branches:
Dungeon (3/15)

Altars:


Message History

The orc is severely wounded.
You closely miss the orc. The orc barely misses you.
You hit the orc.
The orc is moderately wounded.
The orc hits you with a +0 dagger.
You barely miss the orc.
The orc is moderately wounded.
The orc barely misses you. The orc hits you with a +0 morningstar.
You hit the orc.
You kill the orc!
The orc barely misses you.
You hit the orc but do no damage.
The orc is severely wounded.
The orc closely misses you. The orc hits you with a +0 morningstar.
You hit the orc.
You kill the orc!
The orc hits you but does no damage. The orc closely misses you.
The kobold closely misses you. The orc hits you with a +0 dagger.
You hit the orc.
The orc is lightly wounded.
The kobold closely misses you. The orc closely misses you.
The orc hits you with a +0 morningstar.
* * * LOW HITPOINT WARNING * * *
You barely miss the orc.
The orc is lightly wounded.
The orc misses you. The kobold hits you but does no damage.
The orc hits you but does no damage.
You hit the orc but do no damage.
The orc is lightly wounded.
The orc barely misses you. The orc misses you. The kobold misses you.
You closely miss the orc. You punch the orc.
The orc is almost dead.
The kobold barely misses you. The orc hits you with a +0 dagger.
* * * LOW HITPOINT WARNING * * *
The orc closely misses you.
You closely miss the orc.
The orc is almost dead.
The kobold hits you but does no damage. The orc barely misses you.
The orc closely misses you. The orc hits you with a +0 morningstar!
You die...

..# #.# ..# #.# #.. ..#
#.# #.# ..# #.# #.# ..+
#.# #g# ..# #.# #o# .
..# #.# #o# ...
############.###@#<..##
................Ko..>...
...####......###........
.^.####......# ###.#.###
...'......##.# .# #
...######.##.# .. ...#
#.##.# #. ...# #.##.# .#
...# #.##.#


You could see 3 orcs, a goblin and a kobold.

Vanquished Creatures
  Ijyb (D:3)
  2 adders
  2 dart slugs
  3 orcs (D:3)
  4 bats
  2 endoplasms
  2 giant cockroaches
  4 goblins
  3 hobgoblins
  2 jackals (D:1)
  3 quokkas
  6 ball pythons
  3 frilled lizards
  7 kobolds
  4 rats
48 creatures vanquished.

Notes
Turn   | Place    | Note
-------+----------+-------------------------------------------
     0 | D:1      | H0rd4k the Human Artificer began the quest for the Orb.
     0 | D:1      | Reached XP level 1. HP: 15/15 MP: 1/1
   331 | D:1      | Reached XP level 2. HP: 19/21 MP: 2/2
   715 | D:1      | Reached XP level 3. HP: 22/26 MP: 3/3
  2105 | D:2      | Reached XP level 4. HP: 32/32 MP: 4/4
  2120 | D:2      | Reached skill level 1 in Maces & Flails
  2428 | D:3      | Noticed Ijyb
  2431 | D:3      | Paralysed by Ijyb for 5 turns
  2442 | D:3      | Killed Ijyb
  2875 | D:3      | Slain by an orc

Illustrated notes

Levels and vault maps discovered:
D:1:      grunt_arrival_lava_bath, layout_rooms
D:2:      layout_basic
D:3:      layout_basic, kennysheep_generic_room_13, uniq_ijyb

Skill      XL: |  1  2  3  4 |
---------------+-------------+-----
Maces & Flails | 1 |  1.5
Dodging        | 2 |  2.4
Fighting       | |  1.6
Armour         | |  2.0
Stealth        | |  1.3
Evocations     | |  3.9

Action                   |  1- 3 |  4- 6 || total
-------------------------+-------+-------++-------
Melee: Club              |   177 |    65 ||   242
       Punch             |     1 |     1 ||     2
Evoke: Wand              |     1 |     9 ||    10
Armor: Leather armour    |    92 |    20 ||   112
Dodge: Dodged            |   144 |    62 ||   206
